Unix NetHack Version 5.0.0-0 post-release - last build May 10 2026 23:12:36 (d1fa5d53e341ca933230fdaa984d921c805b60aa,branch:main).

Game began 2026-05-12 23:48:17, ended 2026-05-13 00:27:45.

ArrBianca, lawful female human Monk

                        -----------------------------
                        |....|0....^..............@.|
                        |....|.....----------------M|
                        |.........0|      |=......1.|
                        |....|....0|      |.......1.|
                        |0...|.....|      |.........|
                        |-%---------      |...%.....|
                        |...0|....|       |...%<....|
                        |.........---     |.........|
                        |....|.....>|     |.........|
                        |....|....---     |.........|
                        -----------       -----------

ArrBianca the Initiate          St:16 Dx:15 Co:13 In:8 Wi:13 Ch:9  Lawful
Dlvl:8  $:413 HP:0(51) Pw:27(37) AC:7  Xp:7 T:2982 

Latest messages:
 You hit the monkey!
 You kill the monkey!
 a - an uncursed +2 pair of leather gloves.
 What do you want to wield? [- novEHU or ?*] a
 a - an uncursed +2 pair of leather gloves (wielded).
 You try to move the boulder, but in vain.
 You try to move the boulder, but in vain.
 You try to move the boulder, but in vain.
 What do you want to zap? [mZ or ?*] n
 That is a silly thing to zap.
 What do you want to zap? [mZ or ?*] m
 In what direction? l
 Click!  You trigger a rolling boulder trap!
 No boulder was released.
 Really step into that hole? [yn] (n) n
 Really step into that hole? [yn] (n) y
 Air currents pull you down into a hole!
 A mysterious force prevents the tengu from teleporting!
 A mysterious force prevents the tengu from teleporting!
 Where do you want to travel to?
 (For instructions type a '?')
 A mysterious force prevents the tengu from teleporting!
 Click!  You trigger a rolling boulder trap!
 No boulder was released.
 You escape a rolling boulder trap.
 You climb up the stairs.
 You see here a stalker corpse.
 With great effort you move the boulder.
 With great effort you move the boulder.
 The boulder suddenly rolls away from you!
 You hear a boulder fall.
 Click!  You trigger a rolling boulder trap!
 No boulder was released.
 This door is locked.
 This door is locked.
 In what direction? j
 As you kick the door, it crashes open!
 Pick a monster, object or location.
 Can't find dungeon feature '/'.
 q        a quadruped (mumak)
 The ettin mummy hits!
 The ettin mummy hits again!
 In what direction? j
 The magic missile hits the mumak!
 The ettin mummy hits!
 The ettin mummy hits again!
 You die...
 Do you want an account of creatures vanquished? [ynaq] (y) n
 Do you want to see your conduct and achievements? [ynq] (n) y
 Do you want to see the dungeon overview? [ynq] (y) y

Inventory:
 Coins    ('$')
  $ - 413 gold pieces
 Weapons  (')')
  o - a +0 crossbow (alternate weapon; not wielded)
  H - 10 +0 darts
  U - 12 cursed +0 darts
  v - 7 cursed -3 darts
  n - a +0 aklys
  E - a blessed +1 long sword
 Armor    ('[')
  k - an uncursed +0 orcish helm
  a - an uncursed +2 pair of leather gloves (wielded)
  b - an uncursed +1 robe (being worn)
 Comestibles  ('%')
  e - 6 uncursed food rations
  h - 3 uncursed fortune cookies
  D - an uncursed lembas wafer
  g - 5 uncursed oranges
  p - a cursed tripe ration
 Scrolls  ('?')
  Q - an uncursed scroll of amnesia
  A - an uncursed scroll of destroy armor
  j - a blessed scroll of earth
  l - an uncursed scroll of earth
  z - an uncursed scroll of enchant armor
  F - an uncursed scroll of enchant weapon
  R - an uncursed scroll of genocide
  w - an uncursed scroll of light
  u - an uncursed scroll of magic mapping
  y - an uncursed scroll of punishment
  c - an uncursed scroll of remove curse
 Spellbooks  ('+')
  S - an uncursed spellbook of magic missile
  i - a blessed spellbook of protection
 Potions  ('!')
  T - a blessed potion of enlightenment
  q - an uncursed potion of gain ability
  s - 2 uncursed potions of gain energy
  d - 2 uncursed potions of healing
  W - an uncursed potion of invisibility
  N - an uncursed potion of sickness
  x - an uncursed potion of speed
  r - an uncursed potion of water
 Rings    ('=')
  X - a cursed ring of aggravate monster (on right hand)
  G - an uncursed ring of fire resistance (on left hand)
 Wands    ('/')
  Z - a wand of create monster (0:10)
  m - a wand of speed monster (0:6)

ArrBianca the Monk's attributes:

Background:
 You were an Initiate, a level 7 female human Monk.
 You were lawful, on a mission for Shan Lai Ching
 who was opposed by Chih Sung-tzu (neutral) and Huan Ti (chaotic).
 You were right-handed.
 You were in Sokoban, on level 8.
 You entered the dungeon 2982 turns ago.
 It was the midnight hour.
 You had 976 experience points, 304 more were needed to attain level 8.

Basics:
 You had 0 out of 51 hit points.
 You had 27 out of 37 energy points (spell power).
 Your armor class was 7.
 Your wallet contained 413 zorkmids.
 Autopickup was on for '$?!/="+%' plus thrown, with exceptions.

Final Characteristics:
 Your strength was 16 (limit:18/100).
 Your dexterity was 15 (limit:18).
 Your constitution was 13 (limit:18).
 Your intelligence was 8 (limit:18).
 Your wisdom was 13 (peak:14, limit:18).
 Your charisma was 9 (limit:18).

Final Status:
 You weren't hungry.
 You were unencumbered.
 You were wielding some armor.

Final Attributes:
 You were piously aligned.
 You were fire resistant.
 Your items were protected from fire.
 You were sleep resistant.
 You were poison resistant.
 You saw invisible.
 You were warned.
 You were stealthy.
 You aggravated monsters.
 You were guarded.
 Your spell casting was enhanced by wearing a robe.
 You were fast.
 You are dead.

Miscellaneous:
 You didn't encounter any bones levels.
 Total elapsed playing time was 39 minutes and 28 seconds.

Major events:
 Turn
    1: ArrBianca the lawful female human Monk entered the dungeon
  798: attained the rank of Novice (level 3)
 1968: attained the rank of Initiate (level 6)
 1991: consulted the Oracle
 2186: entered Sokoban
 2462: completed 1st Sokoban level
 2966: completed 2nd Sokoban level
 2982: killed by an ettin mummy

Spells:
 Name                 Level Category     Fail Retention
 protection             1   clerical       0%  76%-100%
 magic missile          2   attack        50%  76%-100%

Skills:
 Fighting Skills
   martial arts       [Skilled]
 Weapon Skills
   quarterstaff       [Unskilled]
   spear              [Unskilled]
   crossbow           [Unskilled]
   shuriken           [Unskilled]
 Spellcasting Skills
   attack spells      [Unskilled]
   healing spells     [Basic]
   divination spells  [Unskilled]
   enchantment spells [Unskilled]
   clerical spells    [Unskilled]
   escape spells      [Unskilled]
   matter spells      [Unskilled]

Voluntary challenges:
 Character rerolling was not enabled.
 You never hit with a wielded weapon.
 You never genocided any monsters.
 You never polymorphed an object.
 You never changed form.
 You used no wishes.
 You did not violate any of the special Sokoban rules.
Achievements:
 You entered a shop.
 You attained the rank of Novice.
 You attained the rank of Initiate.
 You consulted the Oracle of Delphi.
 You entered Sokoban.

 The Dungeons of Doom: levels 1 to 10
    Level 1:
       An altar, a fountain.
    Level 2:
       Some fountains.
    Level 3:
       A ring shop, a fountain.
    Level 4:
       A grave.
    Level 5:
       A sink, a grave.
    Level 6:
       An altar, a fountain.
    Level 7:
    Level 8:
       A fountain.
    Level 9:
       Many fountains.
       Oracle of Delphi.
    Level 10:
       Stairs up to Sokoban, level 9.
 Sokoban: levels 9 up to 8
    Level 8: <- You were here.
       Solved.
       Final resting place for
          you, killed by an ettin mummy.
    Level 9:
       Solved.


Vanquished creatures:
  a titanothere
  a stalker
 an ettin zombie
  a leather golem
  a quivering blob
 an orc mummy
  a chickatrice
  a housecat
  a dust vortex
  a bugbear
  a Mordor orc
  a pony
  a fog cloud
  2 elf zombies
  2 monkeys
 an acid blob
  2 large kobolds
  2 giant rats
  a green mold
  2 gnomes
  3 jackals
  a kobold
  3 goblins
  a sewer rat
  4 grid bugs
  a bat
  2 lichens
  a kobold zombie
  3 newts
44 creatures vanquished.

No species were genocided or became extinct.

Game over:
                       ----------
                      /          \
                     /    REST    \
                    /      IN      \
                   /     PEACE      \
                  /                  \
                  |    ArrBianca     |
                  |      413 Au      |
                  |   killed by an   |
                  |   ettin mummy    |
                  |                  |
                  |                  |
                  |       2026       |
                 *|     *  *  *      | *
        _________)/\\_//(\/(/\)/\//\/|_)_______

Goodbye ArrBianca the Monk...

You died in Sokoban on dungeon level 8 with 4757 points,
and 413 pieces of gold, after 2982 moves.
You were level 7 with a maximum of 51 hit points when you died.

